 Dungeon Crawl Stone Soup version 0.23.2-1-ga50397a (webtiles) character file.

Game seed: 16651818650010584643

550 DungeonDestroyer the Charmwright (level 7, -3/50 HPs)
             Began as a Gnoll Skald on May 21, 2019.
             Slain by a worker ant (4 damage)
             ... on level 3 of the Dungeon on May 25, 2019.
             The game lasted 00:13:49 (4315 turns).

DungeonDestroyer the Charmwright (Gnoll Skald)      Turns: 4315, Time: 00:13:50

Health: -3/50      AC: 13    Str: 17    XL:     7   Next: 29%
Magic:  15/15      EV: 14    Int: 15    God:
Gold:   177        SH:  0    Dex: 15    Spells: 16/17 levels left

rFire    . . .     SeeInvis .   a - +0 hand axe
rCold    . . .     Gourm    .   (no shield)
rNeg     . . .     Faith    .   e - +1 ring mail
rPois    .         Spirit   .   k - +0 helmet
rElec    .         Reflect  .   i - +0 cloak
rCorr    .         Harm     .   (no gloves)
MR       .....                  (no boots)
Stlth    ++........             (no amulet)
HPRegen  0.16/turn              l - ring of flight
MPRegen  0.14/turn              j - +4 ring of protection

@: lethally poisoned (-3 -> -14)
A: distributed training, fangs 1, talons 1, frail 1, strong 1, sturdy frame 1,
strong nose
a: Evoke Flight


You were on level 3 of the Dungeon.
You were full.

You visited 2 branches of the dungeon, and saw 5 of its levels.

You collected 177 gold pieces.

Inventory:

Hand Weapons
 a - a +0 hand axe (weapon)
 c - a +0 flail
Missiles
 f - 33 arrows
Armour
 e - a +1 ring mail (worn)
 i - a +0 cloak (worn)
 k - a +0 helmet (worn)
Jewellery
 j - a +4 ring of protection (right hand)
 l - a ring of flight (left hand)
Scrolls
 b - a scroll of teleportation
 g - a scroll of identify
 n - a scroll of enchant armour
Potions
 h - 2 potions of curing
 m - a potion of cancellation
Comestibles
 d - 8 rations
 o - 5 chunks of flesh


   Skills:
 + Level 5.2 Fighting
 + Level 2.3 Short Blades
 + Level 2.3 Long Blades
 + Level 5.2 Axes
 + Level 2.3 Maces & Flails
 + Level 2.3 Polearms
 + Level 2.3 Staves
 + Level 2.3 Slings
 + Level 2.3 Bows
 + Level 2.3 Crossbows
 + Level 2.3 Throwing
 + Level 3.5 Armour
 + Level 5.2 Dodging
 + Level 2.3 Stealth
 + Level 2.3 Shields
 + Level 2.3 Unarmed Combat
 + Level 5.5 Spellcasting
 + Level 1.9 Conjurations
 + Level 1.9 Hexes
 + Level 5.8 Charms
 + Level 1.9 Summonings
 + Level 1.9 Necromancy
 + Level 1.9 Translocations
 + Level 1.9 Transmutations
 + Level 1.9 Fire Magic
 + Level 1.9 Ice Magic
 + Level 1.9 Air Magic
 + Level 1.9 Earth Magic
 + Level 1.9 Poison Magic
 + Level 2.6 Invocations
 + Level 2.3 Evocations


You had 16 spell levels left.
You knew the following spells:

 Your Spells              Type           Power        Failure   Level  Hunger
a - Infusion              Chrm           ###.         1%          1    None

Your spell library contained the following spells:

 Spells                   Type           Power        Failure   Level  Hunger
 Song of Slaying          Chrm           ###.....     2%          2    #......
 Shroud of Golubria       Chrm/Tloc      ###.......   6%          2    #......
 Regeneration             Chrm/Necr      ###.......   12%         3    ###....
 Spectral Weapon          Hex/Chrm       ###.....     12%         3    ###....


Dungeon Overview and Level Annotations

Branches:
Dungeon (4/15)             Temple (1/1) D:4

Altars:
Ashenzari
Cheibriados
Dithmenos
Fedhas
Hepliaklqana
Makhleb
Nemelex Xobeh
Qazlal
Ru
Sif Muna
Uskayaw
Vehumet
Xom
Yredelemnul
Zin
The Shining One


Innate Abilities, Weirdness & Mutations

Your experience applies equally to all skills.
You have very sharp teeth.
Your uncanny sense of smell can sniff out nearby items.
You have sharp toenails.
You are frail. (-10% HP)
Your muscles are strong. (Str +2)
Your movements are slightly less encumbered by armour. (ER -2)


Message History

You are more poisoned.
The worker ant poisons you!
Unknown command.
You hit the worker ant.
The worker ant is heavily wounded.
You feel sick.
The worker ant bites you but does no damage.
Unknown command.
You hit the worker ant. Your kick misses the worker ant.
The worker ant is severely wounded.
You feel sick. The worker ant bites you!
* * * LOW HITPOINT WARNING * * *
You are more poisoned.
The worker ant poisons you!
Unknown command.
You hit the worker ant.
The worker ant is severely wounded.
* * * LOW HITPOINT WARNING * * *
You feel sick. The worker ant barely misses you. The worker ant bites you.
You die...

......####.#.#####.#...#...#.#..#
#.............................#.#
#...............................)
#..........................#..#.#
..............................#.#
##.........................##.#'#
...........................##....
.#.............a...........##....
.#..............@..........##....
...........................######
...........................#
.#........................[##
.#..........................#
.#..........................#
.......)..........).........#
.#....<....................####
.#..♣.........................#


You could see a worker ant.

Vanquished Creatures
  Sigmund (D:2)
  A scorpion (D:4)
  A hound (D:4)
  Jessica (D:3)
  Terence (D:2)
  2 worker ants (D:4)
  7 adders
  5 gnolls
  2 worms
  A dart slug (D:1)
  7 leopard geckos
  6 ball pythons
  6 bats
  6 giant cockroaches
  9 goblins
  7 hobgoblins
  7 jackals
  3 quokkas
  4 frilled lizards
  11 kobolds
  A leopard gecko skeleton (D:4)
  12 rats
101 creatures vanquished.

Notes
Turn   | Place    | Note
-------+----------+-------------------------------------------
     0 | D:1      | DungeonDestroyer the Gnoll Skald began the quest for the
                  | Orb.
     0 | D:1      | Reached XP level 1. HP: 20/20 MP: 6/6
   320 | D:1      | Reached XP level 2. HP: 25/26 MP: 7/7
   752 | D:1      | Reached XP level 3. HP: 31/31 MP: 9/9
   760 | D:1      | Reached skill level 5 in Spellcasting
  1073 | D:2      | Reached skill level 1 in Invocations
  1101 | D:2      | Found a blossoming altar of Fedhas.
  1383 | D:2      | Reached skill level 1 in Short Blades
  1383 | D:2      | Reached skill level 1 in Long Blades
  1383 | D:2      | Reached skill level 1 in Maces & Flails
  1383 | D:2      | Reached skill level 1 in Polearms
  1383 | D:2      | Reached skill level 1 in Staves
  1383 | D:2      | Reached skill level 1 in Slings
  1383 | D:2      | Reached skill level 1 in Bows
  1383 | D:2      | Reached skill level 1 in Crossbows
  1383 | D:2      | Reached skill level 1 in Throwing
  1383 | D:2      | Reached skill level 1 in Stealth
  1383 | D:2      | Reached skill level 1 in Shields
  1383 | D:2      | Reached skill level 1 in Unarmed Combat
  1383 | D:2      | Reached skill level 1 in Evocations
  1510 | D:2      | Reached XP level 4. HP: 38/38 MP: 11/11
  1804 | D:2      | Noticed Terence
  1820 | D:2      | Killed Terence
  1820 | D:2      | Reached skill level 1 in Conjurations
  1820 | D:2      | Reached skill level 1 in Hexes
  1820 | D:2      | Reached skill level 1 in Summonings
  1820 | D:2      | Reached skill level 1 in Necromancy
  1820 | D:2      | Reached skill level 1 in Translocations
  1820 | D:2      | Reached skill level 1 in Transmutations
  1820 | D:2      | Reached skill level 1 in Fire Magic
  1820 | D:2      | Reached skill level 1 in Ice Magic
  1820 | D:2      | Reached skill level 1 in Air Magic
  1820 | D:2      | Reached skill level 1 in Earth Magic
  1820 | D:2      | Reached skill level 1 in Poison Magic
  1822 | D:2      | Reached XP level 5. HP: 5/43 MP: 2/12
  2120 | D:2      | Noticed Sigmund
  2134 | D:2      | Killed Sigmund
  2134 | D:2      | Reached XP level 6. HP: 36/50 MP: 14/14
  2359 | D:3      | Reached skill level 5 in Fighting
  2359 | D:3      | Reached skill level 5 in Axes
  2359 | D:3      | Reached skill level 5 in Dodging
  3028 | D:3      | Noticed Jessica
  3040 | D:3      | Killed Jessica
  3248 | D:3      | Found a basalt altar of Yredelemnul.
  3424 | D:3      | Gained mutation: Your mind is acute. (Int +2) [potion of
                  | mutation]
  3424 | D:3      | Gained mutation: You are covered in fur. (AC +1) [potion of
                  | mutation]
  3426 | D:3      | Lost mutation: Your mind is acute. (Int +2) [potion of
                  | mutation]
  3426 | D:3      | Lost mutation: You are covered in fur. (AC +1) [potion of
                  | mutation]
  3426 | D:3      | Gained mutation: You have sharp toenails. [potion of
                  | mutation]
  3426 | D:3      | Gained mutation: Your movements are slightly less
                  | encumbered by armour. (ER -2) [potion of mutation]
  3426 | D:3      | Gained mutation: You are frail. (-10% HP) [potion of
                  | mutation]
  3426 | D:3      | Gained mutation: Your muscles are strong. (Str +2) [potion
                  | of mutation]
  3483 | D:4      | Reached XP level 7. HP: 50/50 MP: 15/15
  3501 | D:4      | Found a staircase to the Ecumenical Temple.
  3527 | D:4      | Got an iridescent quarterstaff
  3528 | D:4      | Identified the +3 quarterstaff "Caypeuje" {crush, rElec}
                  | (You found it on level 4 of the Dungeon)
  3567 | Temple   | Entered the Ecumenical Temple
  4056 | D:4      | Found a shimmering altar of Xom.
  4314 | D:3      | HP: 2/50 [worker ant (7)]
  4315 | D:3      | Slain by a worker ant

Skill      XL: |  1  2  3  4  5  6 |
---------------+-------------------+-----
Spellcasting   | 5 |  5.5
Invocations    | 1 2 |  2.6
Short Blades   | 1 2 |  2.3
Long Blades    | 1 2 |  2.3
Maces & Flails | 1 2 |  2.3
Polearms       | 1 2 |  2.3
Staves         | 1 2 |  2.3
Slings         | 1 2 |  2.3
Bows           | 1 2 |  2.3
Crossbows      | 1 2 |  2.3
Throwing       | 1 2 |  2.3
Stealth        | 1 2 |  2.3
Shields        | 1 2 |  2.3
Unarmed Combat | 1 2 |  2.3
Evocations     | 1 2 |  2.3
Conjurations   | 1 |  1.9
Hexes          | 1 |  1.9
Summonings     | 1 |  1.9
Necromancy     | 1 |  1.9
Translocations | 1 |  1.9
Transmutations | 1 |  1.9
Fire Magic     | 1 |  1.9
Ice Magic      | 1 |  1.9
Air Magic      | 1 |  1.9
Earth Magic    | 1 |  1.9
Poison Magic   | 1 |  1.9
Armour         | 3 |  3.5
Fighting       | 5 |  5.2
Axes           | 5 |  5.2
Dodging        | 5 |  5.2
Charms         | |  5.8

Action                   |  1- 3 |  4- 6 |  7- 9 || total
-------------------------+-------+-------+-------++-------
Melee: Hand axe          |   143 |   170 |    34 ||   347
       Bite              |    10 |    18 |     5 ||    33
       Kick              |       |     2 |    12 ||    14
       Punch             |       |     1 |       ||     1
 Cast: Infusion          |       |     1 |       ||     1
  Use: Scroll            |     4 |     4 |       ||     8
       Potion            |     1 |     4 |     1 ||     6
 Stab: Distracted        |       |     2 |       ||     2
  Eat: Chunk             |     2 |     7 |       ||     9
       Ration            |       |       |     2 ||     2
Armor: Leather armour    |    32 |       |       ||    32
       Ring mail         |    14 |    64 |    12 ||    90
Dodge: Dodged            |   141 |   141 |    21 ||   303
